 Dungeon Crawl Stone Soup version 0.19.1-1-g22dce08 (webtiles) character file.

66 Megalobster the Conjurer (level 3, -1/19 HPs)
             Began as a Deep Elf Conjurer on Jan 14, 2017.
             Slain by an ogre
             ... wielding a +0 giant club
              (20 damage)
             ... on level 4 of the Dungeon.
             The game lasted 00:09:13 (1542 turns).

Megalobster the Conjurer (Deep Elf Conjurer)        Turns: 1542, Time: 00:09:13

Health: -1/19      AC:  8    Str:  5    XL:     3   Next: 96%
Magic:  5/10       EV:  9    Int: 20    God:
Gold:   82         SH:  0    Dex: 15    Spells: 3 memorised, 4 levels left

rFire  . . .     SeeInvis .     g - +0 dagger
rCold  . . .     Gourm    .     o - +0 ring mail (curse)
rNeg   . . .     Faith    .     (no shield)
rPois  .         Spirit   .     (no helmet)
rElec  .         Reflect  .     (no cloak)
rCorr  .         Harm     .     j - +0 pair of gloves
MR     .....                    i - +1 pair of boots
Stlth  +.........               (no amulet)
                                (no ring)
                                (no ring)

@: no status effects
A: no striking features
a: no special abilities


You were on level 4 of the Dungeon.
You were not hungry.

You visited 1 branch of the dungeon, and saw 3 of its levels.

You collected 82 gold pieces.

Inventory:

Hand Weapons
 g - a +0 dagger (weapon)
Armour
 a - a +0 robe
 i - a +1 pair of boots (worn)
 j - a +0 pair of gloves (worn)
 n - a +0 buckler
 o - a cursed +0 ring mail (worn)
Scrolls
 d - 2 scrolls of identify
 e - a scroll of enchant weapon
Potions
 k - a potion of curing {unknown}
 l - 2 potions of lignification {unknown}
Books
 b - a book of Conjurations

   Spells                             Type                      Level
   a - Magic Dart                     Conjuration                  1
   b - Searing Ray                    Conjuration                  2
   c - Dazzling Spray                 Conjuration/Hexes            3
   d - Fulminant Prism                Conjuration/Hexes            4
   e - Iskenderun's Mystic Blast      Conjuration                  4
   f - Iskenderun's Battlesphere      Conjuration/Charms           5
Comestibles
 c - 2 bread rations
 h - 3 fruits
 m - a meat ration


   Skills:
 - Level 2.4 Dodging
 - Level 2.4 Stealth
 + Level 4.2 Spellcasting
 * Level 5.5 Conjurations


You had 4 spell levels left.
You knew the following spells:

 Your Spells              Type           Power        Failure   Level  Hunger
a - Magic Dart            Conj           ####         8%          1    None
b - Searing Ray           Conj           ####..       12%         2    #......
c - Dazzling Spray        Conj/Hex       ###...       69%         3    ###....


Dungeon Overview and Level Annotations

Branches:
Dungeon (2/15)

Altars:


Message History

The magic dart hits the ogre.
The ogre is lightly wounded.
Casting: Magic Dart
Confirm with . or Enter, or press ? or * to list all spells.
Aiming: Magic Dart
Press: ? - help, Shift-Dir - straight line, f/p - ogre
Aim: an ogre, wielding a giant club (lightly wounded)
The magic dart hits the ogre.
The ogre is lightly wounded.
Casting: Magic Dart
Confirm with . or Enter, or press ? or * to list all spells.
Aiming: Searing Ray
Press: ? - help, Shift-Dir - straight line, f/p - ogre
Aim: an ogre, wielding a giant club (lightly wounded)
The searing ray misses the ogre.
The searing ray hits the ogre.
The ogre is lightly wounded.
The ogre hits you with a giant club!!
Ouch! That really hurt!
You die...

######################
###....................#
.......@......###.####.#
..#.###O#####.# #.# #.#
#.# #.# #.# #.# ... #.#
#.# #.# .... #.# #.# #.#
.###.. #.# #.# #.# .. ..
#.# #.# #.# .. ..# #.#
#.# #.# .. .. #.###.#
#.#


You could see an ogre.

Vanquished Creatures
  2 oozes (D:2)
  3 dart slugs
  A leopard gecko (D:4)
  5 orcs (D:4)
  3 bats
  4 giant cockroaches
  6 goblins
  5 hobgoblins (D:1)
  4 kobolds
  2 quokkas (D:2)
  6 rats
41 creatures vanquished.

Notes
Turn   | Place    | Note
-------+----------+-------------------------------------------
     0 | D:1      | Megalobster the Deep Elf Conjurer began the quest for the Orb.
     0 | D:1      | Reached XP level 1. HP: 10/10 MP: 6/6
   139 | D:1      | Reached XP level 2. HP: 15/15 MP: 0/8
   760 | D:1      | Reached skill level 5 in Conjurations
   817 | D:2      | Reached XP level 3. HP: 19/19 MP: 5/10
   943 | D:2      | Learned a level 2 spell: Searing Ray
   947 | D:2      | Learned a level 3 spell: Dazzling Spray
  1266 | D:2      | You fall through a shaft for 2 floors!
  1537 | D:4      | Noticed an ogre
  1542 | D:4      | Slain by an ogre

Skill      XL: |  1  2  3 |
---------------+----------+-----
Conjurations   | 5 |  5.5
Spellcasting   | 4 |  4.2
Dodging        | |  2.4
Stealth        | |  2.4

Action                   || total
-------------------------++-------
Melee: Unarmed           ||     6
       Dagger            ||     6
 Cast: Magic Dart        ||    69
       Searing Ray       ||     7
  Use: Scroll            ||     3
  Eat: Beef jerky        ||     1
       Chunk             ||     1
Armor: Robe              ||     5
       Ring mail         ||     1
Dodge: Dodged            ||    20
